 Dungeon Crawl Stone Soup version 0.19-a0-1886-gd64a0f0 (webtiles) character file.

1326 Kirkhe the Cleaver (level 8, -2/56 HPs)
             Began as a Demonspawn Gladiator on Oct 15, 2016.
             Was a Follower of Okawaru.
             Slain by a killer bee (7 damage)
             ... on level 7 of the Dungeon.
             The game lasted 00:11:21 (6265 turns).

Kirkhe the Cleaver (Demonspawn Gladiator)           Turns: 6265, Time: 00:11:22

Health: -2/56      AC:  8    Str: 18    XL:     8   Next: 34%
Magic:  0/8        EV: 13    Int:  9    God:    Okawaru [*.....]
Gold:   361        SH:  0    Dex: 19    Spells: 0 memorised, 7 levels left

rFire  + . .     SeeInvis .     a - +1 war axe
rCold  + . .     Gourm    .     G - +1 ring mail of the Lonely Moons {+Fly Dex+5}
rNeg   . . .     Faith    .     (no shield)
rPois  .         Spirit   +     c - +0 helmet
rElec  .         Dismiss  .     (no cloak)
rCorr  .         Reflect  .     (no gloves)
MR     .....     Harm     .     (no boots)
Stlth  +.........               F - amulet of rage
                                j - ring of protection from fire
                                k - ring of protection from cold

@: no status effects
A: demonic guardian 1, magic shield, magic regeneration, sturdy frame 1
a: Heroism, Renounce Religion, Evoke Berserk Rage, Evoke Flight


You were on level 7 of the Dungeon.
You worshipped Okawaru.
Okawaru was aware of your devotion.
You were hungry.

You visited 2 branches of the dungeon, and saw 8 of its levels.
You also visited: Ossuary.

You collected 508 gold pieces.
You spent 147 gold pieces at shops.

Inventory:

Hand Weapons
 a - a +1 war axe (weapon)
 m - a +0 broad axe
Missiles
 d - 3 throwing nets (quivered)
 e - 10 tomahawks
 q - 15 poisoned needles
 s - 2 curare-tipped needles
 w - 4 poisoned javelins
Armour
 c - a +0 helmet (worn)
 r - a +2 leather armour of positive energy
 G - the +1 ring mail of the Lonely Moons (worn) {+Fly Dex+5}
   (You found it on level 7 of the Dungeon)

   It affects your dexterity (+5).
   It lets you fly.
Jewellery
 j - a ring of protection from fire (right hand)
 k - a ring of protection from cold (left hand)
 F - an amulet of rage (around neck)
Wands
 o - a wand of hasting (8/9)
 t - a wand of random effects (25/48)
 z - a wand of lightning (0/15)
 C - a wand of random effects (14/48)
Scrolls
 b - a scroll of enchant armour {unknown}
 h - a scroll of torment {unknown}
 i - 7 scrolls of teleportation
 J - a scroll of blinking
 L - a scroll of amnesia {unknown}
 N - a scroll of fear
Potions
 g - a potion of curing
 l - a potion of flight
 p - a potion of heal wounds
 B - a potion of haste
 H - a potion of might {unknown}
 I - a potion of agility {unknown}
 K - 2 potions of mutation
 O - a potion of brilliance
 P - a potion of berserk rage {unknown}
Books
 x - a book of Changes

   Spells                             Type                      Level
   a - Beastly Appendage              Transmutation                1
   b - Sticks to Snakes               Transmutation                2
   c - Spider Form                    Transmutation/Poison         3
   d - Ice Form                       Ice/Transmutation            4
   e - Blade Hands                    Transmutation                5
 E - a book of Frost

   Spells                             Type                      Level
   a - Freeze                         Ice                          1
   b - Throw Frost                    Conjuration/Ice              2
   c - Ozocubu's Armour               Charms/Ice                   3
   d - Throw Icicle                   Conjuration/Ice              4
   e - Summon Ice Beast               Ice/Summoning                4
Comestibles
 f - 4 bread rations
 n - 3 meat rations
 u - 6 fruits
 v - 3 slices of pizza


   Skills:
 - Level 2.0 Fighting
 + Level 8.1 Axes
 - Level 1.7 Throwing
 + Level 5.1 Armour
 - Level 2.6 Dodging
 + Level 0.4 Evocations


You had 7 spell levels left.
You didn't know any spells.

Dungeon Overview and Level Annotations

Branches:
Dungeon (7/15)             Temple (1/1) D:4

Altars:
Cheibriados
Dithmenos
Elyvilon
Fedhas
Gozag
Hepliaklqana
Makhleb
Okawaru
Qazlal
Ru
Sif Muna
Uskayaw
Vehumet
Xom
Yredelemnul
Zin

Shops:
D:4 *(


Innate Abilities, Weirdness & Mutations

A weak demonic guardian rushes to your aid.
When hurt, damage is shared between your health and your magic reserves.
You regenerate magic rapidly.
Your movements are slightly less encumbered by armour. (ER -2)


Message History

The killer bee poisons you!
The killer bee stings you but does no damage.
Your quasit misses the killer bee.
Your quasit claws the killer bee.
Your quasit barely misses the killer bee.
Your iron imp hits the killer bee.
Unknown command.
You miss the killer bee.
The killer bee is severely wounded.
You miss the killer bee.
You feel sick. The killer bee barely misses you. The killer bee stings you!
* * * LOW HITPOINT WARNING * * *
You are more poisoned.
The killer bee poisons you! The killer bee barely misses you.
Your quasit closely misses the killer bee. x2
Your quasit misses the killer bee. The killer bee closely misses you.
Your iron imp misses the killer bee.
You feel better. The killer bee stings you.
* * * LOW HITPOINT WARNING * * *
The killer bee stings you!
You die...

...# #..#.##...## #..## #..###
###..###.....### ##..###
#....###....##........###.....###
#...........#....###.............
#........#......## ##............
.......#.......## ##).########.
.......###......# ##.[[# ..#....#
###....####.)..## ..#>...#
##..y@##......## .......#
#..5y#........# .>.....#
##...5.....#..### ........
#......#####...# ######..
#.....## #...# ### #.....###
##.## ........# #.## ##........#
### #...##...#


You could see 2 killer bees, a friendly iron imp and a friendly quasit.

Vanquished Creatures
  A hippogriff (D:7)
  An ice beast (D:6)
  An ogre (D:7)
  2 bullfrogs
  A scorpion (D:4)
  2 killer bees (D:7)
  2 crimson imps (D:5)
  A centaur skeleton (D:5)
  An orc priest (D:4)
  A hound (D:4)
  An iguana (D:5)
  A bullfrog skeleton (D:5)
  6 worker ants
  An orc wizard (D:7)
  A big kobold zombie (Ossuary)
  9 mummies
  A worker ant zombie (D:6)
  5 adders
  3 adder skeletons
  A worm (D:3)
  2 dart slugs (D:1)
  3 leopard geckos
  16 orcs
  A ball python (D:3)
  4 bats
  3 giant cockroaches
  9 goblins
  5 hobgoblins
  12 jackals
  7 kobolds
  2 quokkas
  4 frilled lizards
  4 gnoll zombies (Ossuary)
  A kobold zombie (Ossuary)
  2 orc zombies (Ossuary)
  5 rats
122 creatures vanquished.

Vanquished Creatures (collateral kills)
  An orc priest (D:7)
1 creature vanquished.

Grand Total: 123 creatures vanquished

Notes
Turn   | Place    | Note
-------+----------+-------------------------------------------
     0 | D:1      | Kirkhe the Demonspawn Gladiator began the quest for the Orb.
     0 | D:1      | Reached XP level 1. HP: 16/16 MP: 1/1
    76 | D:1      | Reached skill level 3 in Axes
   124 | D:1      | Gained mutation: When hurt, damage is shared between your health and your magic reserves. [demonic ancestry]
   124 | D:1      | Reached XP level 2. HP: 12/22 MP: 2/2
   726 | D:1      | Reached XP level 3. HP: 17/27 MP: 1/3
  1396 | D:2      | Found a deep blue altar of Sif Muna.
  1696 | D:3      | Reached skill level 4 in Axes
  1841 | D:3      | Reached skill level 1 in Armour
  2233 | D:3      | Found a shimmering altar of Xom.
  2313 | D:4      | Noticed a bullfrog
  2386 | D:3      | Reached XP level 4. HP: 29/33 MP: 4/4
  2457 | D:4      | HP: 1/33 [worker ant (5)]
  2532 | D:4      | Found Kaepomad's Assorted Antiques.
  2535 | D:4      | Bought a scroll of identify for 42 gold pieces
  2535 | D:4      | Bought a tubular ivory ring for 105 gold pieces
  2625 | D:4      | Found Tityiseb's Weapon Emporium.
  2861 | D:4      | Gained mutation: You regenerate magic rapidly. [demonic ancestry]
  2861 | D:4      | Reached XP level 5. HP: 22/38 MP: 2/5
  2935 | D:4      | Reached skill level 5 in Axes
  3215 | D:4      | Found a staircase to the Ecumenical Temple.
  3229 | Temple   | Entered the Ecumenical Temple
  3251 | Temple   | Became a worshipper of Warmaster Okawaru
  3323 | D:4      | Gained mutation: Your movements are slightly less encumbered by armour. (ER -2) [demonic ancestry]
  3323 | D:4      | Reached XP level 6. HP: 14/44 MP: 1/6
  3999 | D:5      | Entered Level 5 of the Dungeon
  4001 | D:5      | Found a basalt altar of Yredelemnul.
  4024 | D:5      | Reached skill level 6 in Axes
  4103 | D:5      | Reached XP level 7. HP: 38/50 MP: 5/7
  4398 | D:5      | Found a blossoming altar of Fedhas.
  4673 | D:6      | Reached * piety under Okawaru
  5173 | D:6      | Found a faded altar of an unknown god.
  5173 | D:6      | Found a faded altar of an unknown god.
  5178 | D:6      | Found a radiant altar of Vehumet.
  5180 | D:6      | Found a faded altar of an unknown god.
  5181 | D:6      | Found a faded altar of an unknown god.
  5413 | D:7      | Reached skill level 7 in Axes
  5477 | D:7      | Noticed a hippogriff
  5484 | D:7      | Killed a hippogriff
  5484 | D:7      | Gained mutation: A weak demonic guardian rushes to your aid. [demonic ancestry]
  5484 | D:7      | Reached XP level 8. HP: 43/56 MP: 5/8
  5551 | D:7      | Got a translucent ring mail
  5663 | D:7      | Found a shadowy altar of Dithmenos.
  5729 | D:7      | Found a sand-covered staircase.
  5734 | D:7      | Reached skill level 5 in Armour
  5738 | Ossuary  | Entered an ossuary
  6095 | D:7      | Identified the +1 ring mail of the Lonely Moons {+Fly Dex+5} (You found it on level 7 of the Dungeon)
  6259 | D:7      | Reached skill level 8 in Axes
  6262 | D:7      | HP: 2/56 [killer bee (4)]
  6265 | D:7      | Slain by a killer bee

Vault maps used:
D:1:      dpeg_arrival_court
D:2:      nicolae_overflow_hidden_temple
D:3:      lemuel_doored_altar
D:4:      serial_shops, nicolae_shop_stone, shop, first_bread
D:5:      cheibrodos_helix_gallery, marbit_many_paths,
          yredelemnul_altar_generic, kennysheep_pointless_box
D:6:      chequers_temple_overflow_minitemple, nicolae_underground_beach
D:7:      nicolae_dithmenos_through_a_glass_darkly, gup_ossuary_entry_pyramid
Temple:   eino_wide_crystal_templ
Ossuary:  ossuary_tomb_3

Skill      XL: |  1  2  3  4  5  6  7  8 |
---------------+-------------------------+-----
Axes           | 3 4 5 6 7 8 |  8.1
Armour         | 1 2 3 4 5 |  5.1
Fighting       | |  2.0
Throwing       | |  1.7
Dodging        | |  2.6
Evocations     | |  0.4

Action                   |  1- 3 |  4- 6 |  7- 9 || total
-------------------------+-------+-------+-------++-------
Melee: War axe           |   119 |   118 |   162 ||   399
Evoke: Wand              |       |       |     3 ||     3
  Use: Scroll            |     4 |     3 |     6 ||    13
       Potion            |       |     5 |     2 ||     7
  Eat: Chunk             |     4 |     6 |     6 ||    16
       Fruit             |       |       |     1 ||     1
Armor: Leather armour    |     6 |       |       ||     6
       Ring mail         |    40 |    28 |    68 ||   136
       Skin              |       |    13 |       ||    13
Dodge: Dodged            |    86 |    91 |   125 ||   302
